APP
BALTIMORE (APP) ORIOLES @ PRINCETON RAYS
05/04/2044
 
TOP OF THE 1ST
Baltimore (APP) Orioles batting - Pitching for Princeton Rays : LHP Ryan Folks
Pitching: LHP Ryan Folks
Batting: RHB Mike Zepeda 0-0: Ball
1-0: Fly out, F7 (Flyball, 7D, EV 99.4 MPH)
Batting: RHB Fernando Bravo 0-0: Ball
1-0: Called Strike
1-1: Ball
2-1: Swinging Strike
2-2: Foul Ball, location: 2F
2-2: Foul Ball, location: 2F
2-2: SINGLE (Line Drive, 8LS, EV 112.5 MPH)
Batting: RHB Jeremy Sipe 0-0: Ball
1-0: Ball
2-0: Called Strike
2-1: Called Strike
2-2: Fly out, F8 (Flyball, 8RXD, EV 95.6 MPH)
Batting: LHB Justin Alworth 0-0: Called Strike
0-1: Fielders Choice at 2nd, 6-4 (Groundball, 6, EV 85.0 MPH)
Top of the 1st over - 0 runs, 1 hit, 0 errors, 1 left on base; Baltimore (APP) 0 - Princeton 0
BOTTOM OF THE 1ST
Princeton Rays batting - Pitching for Baltimore (APP) Orioles : RHP Jonathan Spicer
Pitching: RHP Jonathan Spicer
Batting: SHB Chris Lockart 0-0: Ground out U3 (Groundball, 34, EV 89.4 MPH)
Batting: RHB James Huddleston 0-0: Ball
1-0: Called Strike
1-1: Ball
2-1: Ball
3-1: Foul Ball, location: 2F
3-2: Foul Ball, location: 2F
3-2: SINGLE (Line Drive, 89M, EV 97.5 MPH)
Batting: SHB Lou Kroneman 0-0: Fly out, F5 (Line Drive, 5, EV 67.5 MPH)
Batting: RHB Wil Urban 0-0: Ball
1-0: Ball
2-0: Swinging Strike
2-1: Foul Ball, location: 2F
2-2: SINGLE (Groundball, 6MD, EV 96.2 MPH)
James Huddleston to second
James Huddleston to third
Batting: RHB Dan Marks 0-0: Swinging Strike
0-1: Ball
1-1: Ball
2-1: Ball
3-1: Foul Ball, location: 2F
3-2: Ground out 6-3 (Groundball, 6, EV 85.0 MPH)
Bottom of the 1st over - 0 runs, 2 hits, 0 errors, 2 left on base; Baltimore (APP) 0 - Princeton 0
TOP OF THE 2ND
Baltimore (APP) Orioles batting - Pitching for Princeton Rays : LHP Ryan Folks
Batting: RHB Lee Deason 0-0: Foul Ball, location: 2F
0-1: Ball
1-1: Called Strike
1-2: Strikes out swinging
Batting: LHB Tomas de Zeeuw 0-0: Called Strike
0-1: Called Strike
0-2: Strikes out looking
Batting: RHB Kaleb Yerger 0-0: Called Strike
0-1: Foul Ball, location: 2F
0-2: Ball
1-2: Fly out, F9 (Flyball, 9LD, EV 101.9 MPH)
Top of the 2nd over - 0 runs, 0 hits, 0 errors, 0 left on base; Baltimore (APP) 0 - Princeton 0
BOTTOM OF THE 2ND
Princeton Rays batting - Pitching for Baltimore (APP) Orioles : RHP Jonathan Spicer
Batting: SHB Wayne Hattan 0-0: Called Strike
0-1: Foul Ball, location: 2F
0-2: Strikes out looking
Batting: RHB Hector Silva 0-0: Ball
1-0: SINGLE (Groundball, 56D, EV 94.4 MPH)
Batting: RHB Kunizo Yanagisawa 0-0: Ball
Hector Silva steals 2nd, throwing error, E2
Hector Silva to third
1-0: Called Strike
1-1: Fly out, F8 (Flyball, 89D, EV 85.6 MPH)
Runner from 3rd tags up, SCORES, throw by CF
Batting: RHB Jim Erdody 0-0: Ball
1-0: Ball
2-0: Foul Ball, location: 2F
2-1: Foul Ball, location: 2F
2-2: Strikes out swinging, 2-3 out at first.
Bottom of the 2nd over - 1 run, 1 hit, 1 error, 0 left on base; Baltimore (APP) 0 - Princeton 1
TOP OF THE 3RD
Baltimore (APP) Orioles batting - Pitching for Princeton Rays : LHP Ryan Folks
Batting: RHB Ryan Vest 0-0: Foul Ball, location: 2F
0-1: Ball
1-1: Ball
2-1: Fly out, F8 (Flyball, 8RD, EV 96.9 MPH)
Batting: RHB Ioan Biros 0-0: Called Strike
0-1: Foul Ball, location: 2F
0-2: Strikes out swinging
Batting: RHB Mike Zepeda 0-0: Called Strike
0-1: Ball
1-1: Bunted foul
1-2: Fly out, F9 (Flyball, 89S, EV 93.8 MPH)
Top of the 3rd over - 0 runs, 0 hits, 0 errors, 0 left on base; Baltimore (APP) 0 - Princeton 1
BOTTOM OF THE 3RD
Princeton Rays batting - Pitching for Baltimore (APP) Orioles : RHP Jonathan Spicer
Batting: SHB Chris Lockart 0-0: Ball
1-0: Called Strike
1-1: Ball
2-1: Swinging Strike
2-2: Foul Ball, location: 2F
2-2: Ground out 6-3 (Groundball, 6, EV 101.9 MPH)
Batting: RHB James Huddleston 0-0: Foul Ball, location: 2F
0-1: Ball
1-1: Foul Ball, location: 2F
1-2: Ball
2-2: Foul Ball, location: 2F
2-2: Foul Ball, location: 2F
2-2: Ball
3-2: Foul Ball, location: 2F
3-2: Foul Ball, location: 2F
3-2: Base on Balls
Batting: SHB Lou Kroneman 0-0: Ball
1-0: Ball
2-0: Called Strike
2-1: Foul Ball, location: 2F
2-2: Ball
3-2: Base on Balls
James Huddleston to second
Batting: RHB Wil Urban 0-0: Ball
1-0: Ball
2-0: Swinging Strike
2-1: Foul Ball, location: 2F
2-2: Strikes out swinging
Batting: RHB Dan Marks 0-0: Ball
1-0: Called Strike
1-1: DOUBLE (Flyball, 8LXD, EV 97.5 MPH)
James Huddleston scores
Lou Kroneman to third
Runner from 3rd tries for Home, SAFE, no throw by CF
Batting: SHB Wayne Hattan 0-0: Called Strike
0-1: Fly out, F2 (Popup, 2LF, EV 91.2 MPH)
Bottom of the 3rd over - 2 runs, 1 hit, 0 errors, 1 left on base; Baltimore (APP) 0 - Princeton 3
TOP OF THE 4TH
Baltimore (APP) Orioles batting - Pitching for Princeton Rays : LHP Ryan Folks
Batting: RHB Fernando Bravo 0-0: Foul Ball, location: 2F
0-1: SINGLE (Groundball, 6D, EV 95.6 MPH)
Batting: RHB Jeremy Sipe 0-0: Ball
1-0: Swinging Strike
1-1: 2-RUN HOME RUN (Flyball, 7LD, EV 89.4 MPH), Distance : 335 ft
Batting: LHB Justin Alworth 0-0: SOLO HOME RUN (Flyball, 8RXD, EV 116.9 MPH), Distance : 449 ft
Batting: RHB Lee Deason 0-0: Called Strike
0-1: Foul Ball, location: 2F
0-2: Foul Ball, location: 2F
0-2: Ball
1-2: Ball
2-2: Foul Ball, location: 2F
2-2: Foul Ball, location: 2F
2-2: Fly out, F7 (Flyball, 78M, EV 87.5 MPH)
Batting: LHB Tomas de Zeeuw 0-0: Ball
1-0: Called Strike
1-1: Called Strike
1-2: Ball
2-2: Foul Ball, location: 2F
2-2: Ball
3-2: Strikes out swinging
Batting: RHB Kaleb Yerger 0-0: Called Strike
0-1: Foul Ball, location: 2F
0-2: SINGLE (Line Drive, 89S, EV 106.2 MPH)
Batting: RHB Ryan Vest 0-0: Ball
1-0: Fly out, F5 (Line Drive, 5, EV 70.6 MPH)
Top of the 4th over - 3 runs, 4 hits, 0 errors, 1 left on base; Baltimore (APP) 3 - Princeton 3
BOTTOM OF THE 4TH
Princeton Rays batting - Pitching for Baltimore (APP) Orioles : RHP Jonathan Spicer
Batting: RHB Hector Silva 0-0: Ball
1-0: Called Strike
1-1: Ball
2-1: SOLO HOME RUN (Flyball, 78XD, EV 105.0 MPH), Distance : 400 ft
Batting: RHB Kunizo Yanagisawa 0-0: Ground out 6-3 (Groundball, 6, EV 106.2 MPH)
Batting: RHB Jim Erdody 0-0: Foul Ball, location: 2F
0-1: Ground out 6-3 (Groundball, 6, EV 86.9 MPH)
Batting: SHB Chris Lockart 0-0: Ball
1-0: Ball
2-0: Foul Ball, location: 2F
2-1: Called Strike
2-2: Ball
3-2: Reached on error, E4 (Groundball, 4, EV 101.2 MPH)
Pitching: RHP Steve Webb
Batting: RHB James Huddleston 0-0: Called Strike
Chris Lockart steals 2nd base
0-1: Foul Ball, location: 2F
0-2: Ball
1-2: Strikes out swinging
Bottom of the 4th over - 1 run, 1 hit, 1 error, 1 left on base; Baltimore (APP) 3 - Princeton 4
TOP OF THE 5TH
Baltimore (APP) Orioles batting - Pitching for Princeton Rays : LHP Ryan Folks
Batting: RHB Ioan Biros 0-0: SINGLE (Groundball, 6D, EV 106.2 MPH)
Batting: RHB Mike Zepeda 0-0: Called Strike
0-1: Called Strike
0-2: Ball
1-2: Strikes out looking
Batting: RHB Fernando Bravo 0-0: Swinging Strike
0-1: Foul Ball, location: 2F
0-2: Ball
1-2: Foul Ball, location: 2F
1-2: Strikes out swinging
Batting: RHB Jeremy Sipe 0-0: Ball
1-0: Ball
2-0: Fly out, F8 (Flyball, 8RD, EV 91.2 MPH)
Top of the 5th over - 0 runs, 1 hit, 0 errors, 1 left on base; Baltimore (APP) 3 - Princeton 4
BOTTOM OF THE 5TH
Princeton Rays batting - Pitching for Baltimore (APP) Orioles : RHP Steve Webb
Batting: SHB Lou Kroneman 0-0: Swinging Strike
0-1: Ball
1-1: SINGLE (Line Drive, 34, EV 95.0 MPH)
Batting: RHB Wil Urban 0-0: Ball
1-0: Foul Ball, location: 2F
1-1: Foul Ball, location: 2F
1-2: Ball
2-2: Ball
3-2: Strikes out looking
Batting: RHB Dan Marks 0-0: Swinging Strike
0-1: Ball
1-1: Fly out, F3 (Popup, 3S, EV 71.9 MPH)
Batting: SHB Wayne Hattan 0-0: Called Strike
0-1: Ball
1-1: Foul Ball, location: 2F
1-2: Foul Ball, location: 2F
1-2: 2-RUN HOME RUN (Flyball, 9D, EV 103.8 MPH), Distance : 382 ft
Batting: RHB Hector Silva 0-0: Ball
1-0: Foul Ball, location: 2F
1-1: Ball
2-1: Ball
3-1: Swinging Strike
3-2: Foul Ball, location: 2F
3-2: Fly out, F7 (Flyball, 7, EV 91.2 MPH)
Bottom of the 5th over - 2 runs, 2 hits, 0 errors, 0 left on base; Baltimore (APP) 3 - Princeton 6
TOP OF THE 6TH
Baltimore (APP) Orioles batting - Pitching for Princeton Rays : LHP Ryan Folks
Pitching: RHP Federico Jimenez
Batting: LHB Justin Alworth 0-0: Ball
1-0: Fly out, F2 (Popup, 25F, EV 85.6 MPH)
Batting: RHB Lee Deason 0-0: Called Strike
0-1: SINGLE (Line Drive, 5D, EV 100.0 MPH)
Batting: LHB Tomas de Zeeuw 0-0: Ball
Lee Deason steals 2nd base
1-0: Ball
2-0: Foul Ball, location: 2F
2-1: Foul Ball, location: 2F
2-2: Ball
3-2: Fly out, F7 (Flyball, 7LD, EV 89.4 MPH)
Runner from 2nd tags up, SAFE at 3rd, no throw by LF
Batting: RHB Kaleb Yerger 0-0: Called Strike
0-1: DOUBLE (Groundball, 5L, EV 101.9 MPH)
Lee Deason scores
Batting: RHB Ryan Vest 0-0: Foul Ball, location: 2F
0-1: Ball
1-1: Foul Ball, location: 2F
1-2: SINGLE (Groundball, 56D, EV 107.5 MPH)
Kaleb Yerger to third
Runner from 3rd tries for Home, SAFE, throw by LF to home
Batting: RHB Ioan Biros 0-0: Ball
Wild Pitch!
Ryan Vest to second
1-0: Called Strike
1-1: Ball
2-1: Foul Ball, location: 2F
2-2: Ground out 5-3 (Groundball, 56S, EV 66.9 MPH)
Top of the 6th over - 2 runs, 3 hits, 0 errors, 1 left on base; Baltimore (APP) 5 - Princeton 6
BOTTOM OF THE 6TH
Princeton Rays batting - Pitching for Baltimore (APP) Orioles : RHP Steve Webb
Batting: RHB Kunizo Yanagisawa 0-0: Ball
1-0: Called Strike
1-1: Ball
2-1: Foul Ball, location: 2F
2-2: Ball
3-2: Strikes out looking
Batting: RHB Jim Erdody 0-0: Ball
1-0: Called Strike
1-1: Ball
2-1: SINGLE (Groundball, 34D, EV 105.0 MPH)
Batting: SHB Chris Lockart 0-0: Called Strike
0-1: Foul Ball, location: 2F
0-2: Ball
1-2: Ball
2-2: Fly out, F6 (Popup, 56, EV 75.0 MPH)
Pitching: LHP Freddy Gutierrez
Batting: RHB James Huddleston 0-0: Ball
1-0: Foul Ball, location: 2F
1-1: Called Strike
1-2: Ball
2-2: Foul Ball, location: 2F
2-2: Strikes out swinging
Bottom of the 6th over - 0 runs, 1 hit, 0 errors, 1 left on base; Baltimore (APP) 5 - Princeton 6
TOP OF THE 7TH
Baltimore (APP) Orioles batting - Pitching for Princeton Rays : RHP Federico Jimenez
Pitching: RHP Tim Inman
Batting: RHB Mike Zepeda 0-0: Called Strike
0-1: Ball
1-1: Swinging Strike
1-2: Ball
2-2: Strikes out swinging
Batting: RHB Fernando Bravo 0-0: Ball
1-0: Foul Ball, location: 2F
1-1: Ball
2-1: Fly out, F9 (Flyball, 9, EV 94.4 MPH)
Batting: RHB Jeremy Sipe 0-0: Ball
1-0: Ball
2-0: Ball
3-0: Base on Balls
Batting: LHB Justin Alworth 0-0: Ball
1-0: Ball
2-0: Ground out 4-3 (Groundball, 4, EV 90.0 MPH)
Top of the 7th over - 0 runs, 0 hits, 0 errors, 1 left on base; Baltimore (APP) 5 - Princeton 6
BOTTOM OF THE 7TH
Princeton Rays batting - Pitching for Baltimore (APP) Orioles : LHP Freddy Gutierrez
Batting: SHB Lou Kroneman 0-0: Foul Ball, location: 2F
0-1: Swinging Strike
0-2: Ball
1-2: Ball
2-2: Ball
3-2: Strikes out swinging
Batting: RHB Wil Urban 0-0: Called Strike
0-1: Ball
1-1: Ball
2-1: Swinging Strike
2-2: Foul Ball, location: 2F
2-2: Ball
3-2: Strikes out swinging
Batting: RHB Dan Marks 0-0: Called Strike
0-1: Swinging Strike
0-2: Ball
1-2: Ball
2-2: SOLO HOME RUN (Flyball, 78XD, EV 109.4 MPH), Distance : 410 ft
Batting: SHB Wayne Hattan 0-0: Ball
1-0: Swinging Strike
1-1: Swinging Strike
1-2: Foul Ball, location: 2F
1-2: Strikes out swinging
Bottom of the 7th over - 1 run, 1 hit, 0 errors, 0 left on base; Baltimore (APP) 5 - Princeton 7
TOP OF THE 8TH
Baltimore (APP) Orioles batting - Pitching for Princeton Rays : RHP Tim Inman
Now at C: James Huddleston
Now at 1B: Kunizo Yanagisawa
Now at 3B: Zach Rose
Batting: RHB Lee Deason 0-0: Ball
1-0: SINGLE (Groundball, 34D, EV 108.8 MPH)
Batting: LHB Tomas de Zeeuw 0-0: Ball
1-0: Ball
2-0: Foul Ball, location: 2F
2-1: Foul Ball, location: 2F
2-2: Ball
3-2: Foul Ball, location: 2F
3-2: Strikes out swinging
Lee Deason steals 2nd base
Batter strikes out.
Batting: RHB Kaleb Yerger 0-0: Ball
1-0: Foul Ball, location: 2F
1-1: Ball
2-1: Fly out, F8 (Flyball, 8LS, EV 86.2 MPH)
Pinch Hitting: LHB Antonio Cantu 0-0: Called Strike
0-1: Called Strike
0-2: Ball
1-2: Strikes out swinging
Top of the 8th over - 0 runs, 1 hit, 0 errors, 1 left on base; Baltimore (APP) 5 - Princeton 7
BOTTOM OF THE 8TH
Princeton Rays batting - Pitching for Baltimore (APP) Orioles : LHP Freddy Gutierrez
Pitching: LHP Randall Rennie
Now at 3B: Matt O'Dea
Batting: RHB Hector Silva 0-0: Called Strike
0-1: Swinging Strike
0-2: Foul Ball, location: 2F
0-2: Ball
1-2: Ball
2-2: Strikes out looking
Batting: RHB Kunizo Yanagisawa 0-0: Ball
1-0: Foul Ball, location: 2F
1-1: Ball
2-1: Foul Ball, location: 2F
2-2: Strikes out swinging
Batting: RHB Jim Erdody 0-0: Ball
1-0: SINGLE (Line Drive, 4M, EV 97.5 MPH)
Batting: SHB Chris Lockart 0-0: Called Strike
0-1: Foul Ball, location: 2F
0-2: Ball
1-2: Strikes out swinging
Bottom of the 8th over - 0 runs, 1 hit, 0 errors, 1 left on base; Baltimore (APP) 5 - Princeton 7
TOP OF THE 9TH
Baltimore (APP) Orioles batting - Pitching for Princeton Rays : RHP Tim Inman
Pitching: RHP Cody Wilharm
Batting: RHB Ioan Biros 0-0: Ball
1-0: Foul Ball, location: 2F
1-1: Called Strike
1-2: Ball
2-2: Foul Ball, location: 2F
2-2: Foul Ball, location: 2F
2-2: Strikes out swinging
Batting: RHB Mike Zepeda 0-0: Ball
1-0: Ball
2-0: Ball
3-0: Base on Balls
Batting: RHB Fernando Bravo 0-0: Ball
1-0: Ball
2-0: Ball
3-0: Base on Balls
Mike Zepeda to second
Batting: RHB Jeremy Sipe 0-0: Called Strike
0-1: Ball
1-1: Ball
2-1: Ball
3-1: Base on Balls
Mike Zepeda to third
Fernando Bravo to second
Batting: LHB Justin Alworth 0-0: Called Strike
0-1: Ball
1-1: Foul Ball, location: 2F
1-2: Fly out, F9 (Line Drive, 9, EV 108.8 MPH)
Batting: RHB Lee Deason 0-0: Ball
1-0: Called Strike
1-1: Ball
2-1: SINGLE (Line Drive, 8LS, EV 106.9 MPH)
Mike Zepeda scores
Fernando Bravo to third
Jeremy Sipe to second
Runner from 3rd tries for Home, throw by CF and OUT! 8-2
Top of the 9th over - 1 run, 1 hit, 0 errors, 2 left on base; Baltimore (APP) 6 - Princeton 7
Thursday, March 31st , 2022 - OOTP Baseball 22.12 Build 89